 Dungeon Crawl Stone Soup version 0.28-a0-730-g892d06dc2c (webtiles) character file.

Game seed: 3035210348882293845

269 willcat the Sneak (level 6, -2/36 HPs)
             Began as a Deep Elf Delver on Oct 28, 2021.
             Was an Initiate of Sif Muna.
             Slain by an ice beast (8 damage)
             ... on level 5 of the Dungeon.
             The game lasted 00:02:25 (1189 turns).

willcat the Sneak (Deep Elf Delver)                 Turns: 1189, Time: 00:02:26

Health: -2/36      AC:  3    Str:  9    XL:     6   Next: 1%
Magic:  12/12      EV: 13    Int: 17    God:    Sif Muna [......]
Gold:   55         SH:  0    Dex: 16    Spells: 7/10 levels left

rFire   . . .      SeeInvis .   a - +0 short sword
rCold   . . .      Faith    .   (no shield)
rNeg    . . .      Spirit   .   b - +0 leather armour
rPois   .          Reflect  .   (no helmet)
rElec   .          Harm     .   (no cloak)
rCorr   .          Rampage  .   (no gloves)
Will    .....                   (no boots)
Stlth   +++.......              (no amulet)
HPRegen 0.12/turn               (no ring)
MPRegen 0.13/turn               (no ring)

@: no status effects
A: no striking features
a: Renounce Religion


You were on level 5 of the Dungeon.
You worshipped Sif Muna.
Sif Muna was noncommittal.
You visited 2 branches of the dungeon, and saw 3 of its levels.

You collected 55 gold pieces.

Inventory:

Hand Weapons
 a - a +0 short sword (weapon)
Armour
 b - a +0 leather armour (worn)
 f - a +0 kite shield
Wands
 g - a wand of digging (3)
Scrolls
 c - a scroll of fog
 d - a scroll of magic mapping
 h - a scroll of vulnerability {unknown}


   Skills:
 - Level 2.4 Fighting
 + Level 3.6 Short Blades
 - Level 4.2 Dodging
 - Level 7.1 Stealth
 + Level 2.9 Spellcasting
 + Level 0.8 Conjurations
 + Level 0.6 Air Magic
 + Level 0.8 Poison Magic


You had 7 spell levels left.
You knew the following spells:

 Your Spells              Type           Power      Damage    Failure   Level
a - Mephitic Cloud        Conj/Pois/Air  5%         N/A       50%         3

Your spell library contained the following spells:

 Spells                   Type           Power      Damage    Failure   Level
 Ignite Poison            Fire/Tmut/Pois 3%         N/A       54%         3
 Inner Flame              Hex/Fire       2%         N/A       58%         3
 Cause Fear               Hex            1%         N/A       94%         4
 Freezing Cloud           Conj/Ice/Air   2%         6-21      99%         5
 Discord                  Hex            1%         N/A       100%        8


Dungeon Overview and Level Annotations

Branches:
Dungeon (6/15)             Temple (1/1) D:6

Altars:
Ashenzari
Cheibriados
Dithmenos
Elyvilon
Fedhas
Hepliaklqana
Makhleb
Okawaru
Ru
Sif Muna
Trog
Uskayaw
Vehumet
Wu Jian
Yredelemnul
The Shining One


Message History

You kill the hound!
Sif Muna accepts your kill.
You have reached level 6!
Your experience leads to an increase in your attributes!
Increase (S)trength, (I)ntelligence, or (D)exterity?
You feel clever.
Unknown command.
Magic restored.
You now have 47 gold pieces (gained 14).
You now have 55 gold pieces (gained 8).
An ice beast comes into view.
An ice beast is nearby!
An ice beast is nearby!
An ice beast is nearby!
The helpless ice beast fails to defend itself.
You impale the ice beast!!
The ice beast is almost dead.
The ice beast hits you. The ice beast freezes you.
You hit the ice beast but do no damage.
The ice beast is almost dead.
The ice beast hits you. The ice beast freezes you.
You hit the ice beast but do no damage.
The ice beast is almost dead.
The ice beast barely misses you.
Unknown command.
You hit the ice beast but do no damage.
The ice beast is almost dead.
The ice beast closely misses you.
Unknown command.
You hit the ice beast.
The ice beast is almost dead.
The ice beast hits you. The ice beast freezes you!
* * * LOW HITPOINT WARNING * * *
Unknown command.
You barely miss the ice beast.
The ice beast is almost dead.
The ice beast hits you.
* * * LOW HITPOINT WARNING * * *
The ice beast freezes you!
You die...

#.# #.# #.#
#.# #.# #.#
#Y#
#.#@#########
#...........#
###.#######.#
#... #.# #...
#.# #...#
#.########
#####
#.........
########## #


You could see an ice beast.

Vanquished Creatures
  A steam dragon (D:6)
  A howler monkey (D:5)
  3 hounds
  An ufetubus (D:5)
  3 orcs
9 creatures vanquished.

Notes
Turn   | Place    | Note
-------+----------+-------------------------------------------
     0 | D:5      | willcat the Deep Elf Delver began the quest for the Orb.
     0 | D:5      | Reached XP level 1. HP: 13/13 MP: 3/3
   169 | D:6      | Noticed an iguana
   208 | D:6      | Noticed a hound
   225 | D:6      | Killed a hound
   226 | D:6      | Reached XP level 2. HP: 13/18 MP: 4/4
   226 | D:6      | Reached XP level 3. HP: 16/22 MP: 5/5
   237 | D:6      | Noticed a steam dragon
   243 | D:6      | Killed a steam dragon
   244 | D:6      | Reached skill level 7 in Stealth
   244 | D:6      | Reached XP level 4. HP: 3/27 MP: 5/9
   244 | D:6      | Reached XP level 5. HP: 4/31 MP: 5/10
   287 | D:6      | Found a staircase to the Ecumenical Temple.
   292 | Temple   | Entered the Ecumenical Temple
   730 | Temple   | Became a worshipper of Sif Muna the Loreminder
   750 | D:6      | Noticed a centaur
   989 | D:6      | Noticed a black bear
  1065 | D:5      | Noticed a sky beast
  1095 | D:5      | Learned a level 3 spell: Mephitic Cloud
  1118 | D:5      | Reached XP level 6. HP: 36/36 MP: 10/12
  1182 | D:5      | Noticed an ice beast
  1189 | D:5      | Slain by an ice beast

Illustrated notes

Levels and vault maps discovered:
D:5:      layout_loops_ring, sigmund_army
D:6:      layout_basic, minmay_temple_entry_arrows, serial_shops, shop
Temple:   eino_temple_scatter_basement

Skill      XL: |  1  2  3 |
---------------+----------+-----
Dodging        | 3 4 |  4.2
Short Blades   | 3 |  3.6
Stealth        | 7 |  7.1
Spellcasting   | 2 |  2.9
Fighting       | |  2.4
Conjurations   | |  0.8
Air Magic      | |  0.6
Poison Magic   | |  0.8

Action                   |  1- 3 |  4- 6 || total
-------------------------+-------+-------++-------
Melee: Short sword       |    10 |    37 ||    47
  Use: Potion            |     2 |     1 ||     3
       Scroll            |       |     1 ||     1
 Stab: Sleeping          |     2 |     3 ||     5
Armor: Leather armour    |     6 |     1 ||     7
Dodge: Dodged            |     6 |    23 ||    29

Table legend: (Time is in decaauts)
 A = Elapsed time spent in this place.
 B = Non-inter-level travel time spent in this place.
 C = Inter-level travel time spent in this place.
 D = Time resting spent in this place.
 E = Time spent auto-exploring this place.
 F = Levels seen in this place.
 G = Mean time per level.
                   A        B        C        D        E       F      G
               +--------+--------+--------+--------+--------+-----+--------+
         Total |   1170 |   1170 |      0 |    395 |    417 |   3 |  390.0 |
       Dungeon |    540 |    540 |      0 |      8 |    257 |   2 |  270.0 |
        Temple |    630 |    630 |      0 |    387 |    160 |   1 |  630.0 |
               +--------+--------+--------+--------+--------+-----+--------+

Top non-repeatable levels by time:
  Temple: 630 daAuts
     D:5: 294 daAuts
     D:6: 246 daAuts
